 Dungeon Crawl Stone Soup version 0.29.1-2-gbd0b4ee654 (webtiles) character file.

Game seed: 8802157538490504401

6 hawla the Chiller (level 2, -9/20 HPs)
             Began as a Meteoran Ice Elementalist on Nov 30, 2022.
             Killed from afar by Sigmund (17 damage)
             ... with a bolt of dispelling energy
             ... on level 2 of the Dungeon.
             The game lasted 00:00:40 (58 turns).

hawla the Chiller (Meteoran Ice Elementalist)         Turns: 58, Time: 00:00:41

Health: -9/20      AC:  2    Str:  9    XL:     2   Next: 11%
Magic:  5/6        EV: 12    Int: 16    God:
Gold:   5          SH:  0    Dex: 14    Spells: 5/6 levels left

rFire   . . .      SeeInvis .   (no weapon)
rCold   . . .      Faith    .   (no shield)
rNeg    . . .      Spirit   .   a - +0 robe
rPois   .          Reflect  .   (no helmet)
rElec   .          Harm     .   (no cloak)
rCorr   .          Rampage  .   (no gloves)
Will    .....                   (no boots)
Stlth   +.........              (no amulet)
HPRegen 0.06/turn               (no ring)
MPRegen 0.10/turn               (no ring)

@: glowing
A: sense surroundings 1, otherworldly, glowing, explore regen
a: no special abilities


You were on level 2 of the Dungeon.
You visited 1 branch of the dungeon, and saw 2 of its levels.

You collected 5 gold pieces.

Inventory:

Armour
 a - a +0 robe (worn)
Magical Staves
 d - a staff of conjuration
Jewellery
 c - a ring of positive energy
Potions
 b - a potion of magic


   Skills:
 + Level 2.5 Dodging
 - Level 1.4 Stealth
 + Level 2.7 Spellcasting
 + Level 4.7 Ice Magic


You had 5 spell levels left.
You knew the following spells:

 Your Spells              Type           Power      Damage    Failure   Level
a - Freeze                Ice            68%        1d8       2%          1

Your spell library contained the following spells:

 Spells                   Type           Power      Damage    Failure   Level
 Frozen Ramparts          Ice            34%        1d6       9%          3
 Ozocubu's Armour         Ice            17%        N/A       9%          3
 Hailstorm                Conj/Ice       9%         3d4       58%         4


Dungeon Overview and Level Annotations

Branches:
Dungeon (2/15) Zot: 1141

Altars:

Annotations:
D:2 Sigmund


Innate Abilities, Weirdness & Mutations

You passively map a small area around you.
You are easily found by Zot.
You glow in the dark.
You regain HP and MP as you explore.


Message History

Aiming: Freeze (safe; 3% risk of failure)
Press: ? - help, Shift-Dir - straight line, f - rat
Aim: a rat You freeze the rat!
You kill the rat!
You have reached level 2!
Things that are here:
a +0 dagger; a goblin corpse
c - a ring of positive energy You now have 5 gold pieces.
There is an escape hatch in the floor here.
You slide downwards.
The hatch slams shut behind you.
The goblin shouts!
Found a short smoking staff.
Found an escape hatch in the floor.
Sigmund the Dreaded comes into view.
He is wielding a +0 scythe and carrying a wand of quicksilver (2).
Found a stone staircase leading up.
Casting: Freeze (safe; 3% risk of failure)
Confirm with . or Enter, or press ? or * to list all spells.
Aiming: Freeze (safe; 3% risk of failure)
Press: ? - help, Shift-Dir - straight line, f - goblin
Aim: a goblin, wielding a +0 club You freeze the goblin.
You kill the goblin!
Sigmund shouts!
Sigmund gestures wildly while chanting.
Sigmund flickers and vanishes!
Deactivating autopickup; reactivate with Ctrl-A.
You hear a zap.
A bolt of dispelling energy appears from out of thin air!
The bolt of dispelling energy hits you!
Ouch! That really hurt!
You see here a staff of conjuration.
d - a staff of conjuration You aren't carrying any scrolls.
Okay, then.
You hear a zap.
A bolt of dispelling energy appears from out of thin air!
The bolt of dispelling energy hits you!
Ouch! That really hurt!
You die...

#########
#.......#
#.....###.#
#.@......., *
#.....###.* *
#....>..# , ,
####.{#####.#**
, #........# *
** #..#####.#,
#...)..# *, **
..<.......... ,
,
.#.......####..
,


There were no monsters in sight!

Vanquished Creatures
  An endoplasm (D:1)
  2 goblins
  A ball python (D:1)
  A bat (D:1)
  A rat (D:1)
6 creatures vanquished.

Notes
Turn   | Place    | Note
-------+----------+-------------------------------------------
     0 | D:1      | hawla the Meteoran Ice Elementalist began the quest for the
                  | Orb.
     0 | D:1      | Reached XP level 1. HP: 14/14 MP: 5/5
    27 | D:1      | Reached XP level 2. HP: 20/20 MP: 2/6
    48 | D:2      | Noticed Sigmund
    58 | D:2      | Killed from afar by Sigmund

Illustrated notes

Levels and vault maps discovered:
D:1:      minmay_arrival_diagonal_passages, layout_rooms,
          basic_ecumenical_altar, minmay_tromino_mix6
D:2:      minmay_skewed_foursquare, layout_basic, serial_shops, shop,
          grunt_decor_fettered, uniq_sigmund, uniq_robin, uniq_natasha,
          uniq_terence

Action                   || total
-------------------------++-------
 Cast: Freeze            ||     7
Armor: Robe              ||     2
Dodge: Dodged            ||     6
